 Dungeon Crawl Stone Soup version 0.30-a0-210-g01b79a254e (webtiles) character file.

Game seed: 10613599312183243596

118 sleeves the Poker (level 4, -6/35 HPs)
             Began as a Demonspawn Fighter on Oct 4, 2022.
             Mangled by a gnoll
             ... wielding a +0 flail
              (9 damage)
             ... on level 3 of the Dungeon.
             The game lasted 00:02:06 (1973 turns).

sleeves the Poker (Demonspawn Fighter)              Turns: 1973, Time: 00:02:07

Health: -6/35      AC:  8    Str: 17    XL:     4   Next: 72%
Magic:  4/4        EV:  8    Int: 15    God:
Gold:   144        SH:  4    Dex: 12    Spells: 3/3 levels left

rFire   . . .      SeeInvis .    a - +0 trident
rCold   . . .      Faith    .    c - +0 buckler
rNeg    . . .      Spirit   .    b - +0 scale mail
rPois   .          Reflect  .    (no helmet)
rElec   .          Harm     .    e - +1 cloak
rCorr   .          Rampage  .    (no gloves)
Will    .....                    (no boots)
Stlth   ..........               s - amulet of regeneration
HPRegen 1.05/turn                (no ring)
MPRegen 0.09/turn                (no ring)

@: no status effects
A: powered by pain 1, big brain 2
a: no special abilities


You were on level 3 of the Dungeon.
You visited 1 branch of the dungeon, and saw 3 of its levels.

You collected 144 gold pieces.

Inventory:

Hand Weapons
 a - a +0 trident (weapon)
Missiles
 r - a throwing net (quivered)
Armour
 b - a +0 scale mail (worn)
 c - a +0 buckler (worn)
 e - a +1 cloak (worn)
   (You found it on level 1 of the Dungeon)
 l - a scarf of repulsion
   (You found it on level 1 of the Dungeon)
Jewellery
 s - an amulet of regeneration (around neck)
   (You found it on level 3 of the Dungeon)
Wands
 t - a wand of flame (26)
   (You found it on level 3 of the Dungeon)
Scrolls
 h - a scroll of fear {unknown}
 j - 2 scrolls of teleportation {unknown}
 k - 2 scrolls of enchant weapon {unknown}
 m - 2 scrolls of fog {unknown}
 n - a scroll of immolation {unknown}
 o - a scroll of poison {unknown}
Potions
 d - a potion of might
 f - a potion of mutation {unknown}
 g - 5 potions of curing {unknown}
 i - a potion of haste {unknown}
 p - 2 potions of attraction {unknown}
 q - a potion of degeneration {unknown}


   Skills:
 - Level 3.0 Fighting
 + Level 4.5 Polearms
 - Level 2.6 Armour
 - Level 2.6 Shields


You had 3 spell levels left.
You didn't know any spells.
Your spell library contained the following spells:

 Spells                   Type           Power      Damage    Failure   Level
 Vhi's Electric Charge    Tloc/Air       0%         N/A       98%         3
 Arcjolt                  Conj/Air       0%         1d10      100%        5
 Maxwell's Capacitive Co  Air            0%         ∞         100%        8


Dungeon Overview and Level Annotations

Branches:
Dungeon (3/15)

Altars:
Yredelemnul

Annotations:
D:3 2 transporters


Innate Abilities, Weirdness & Mutations

You sometimes gain a little power by taking damage.
You have an extremely huge brain. (Int +4)


Message History

The ball python constricts you.
You puncture the ball python!
You kill the ball python!
The goblin hits you but does no damage. The hobgoblin barely misses you.
You block the frilled lizard's attack. The frilled lizard bites you.
The hobgoblin hits you but does no damage.
The goblin completely misses you.
You puncture the goblin!
You kill the goblin!
You block the frilled lizard's attack. The hobgoblin hits you.
There are monsters nearby!
There are monsters nearby!
You hit the hobgoblin.
You kill the hobgoblin!
The frilled lizard closely misses you.
You closely miss the frilled lizard. The frilled lizard barely misses you.
You closely miss the frilled lizard. The frilled lizard barely misses you.
The frilled lizard bites you but does no damage.
You closely miss the frilled lizard.
The frilled lizard bites you but does no damage.
You closely miss the frilled lizard. The frilled lizard bites you.
You puncture the frilled lizard!
You kill the frilled lizard!
No target in view!
No target in view!
No target in view!
No target in view!
No target in view!
No target in view!
No target in view!
No target in view!
You see here a ball python corpse.
h - a scroll labelled FOHIPP GOEBUNA You now have 53 gold pieces (gained 7).
You now have 55 gold pieces (gained 2).
g - 2 dark potions (gained 1)
i - a murky blue potion A bat comes into view.
A bat is nearby!
The bat barely misses you.
You closely miss the bat. The bat hits you but does no damage. x2
You barely miss the bat. The bat hits you but does no damage.
You block the bat's attack.
You hit the bat but do no damage. You block the bat's attack.
The bat hits you but does no damage.
You closely miss the bat. The bat hits you but does no damage.
You miss the bat. The bat hits you but does no damage.
You closely miss the bat. The bat hits you but does no damage.
The bat barely misses you.
You closely miss the bat. The bat hits you. The bat barely misses you.
You barely miss the bat. The bat hits you but does no damage.
The bat hits you but does no damage.
You reach to attack!
You hit the bat.
The bat is severely wounded.
The bat hits you but does no damage. You block the bat's attack.
You barely miss the bat.
The bat is moderately wounded.
You block the bat's attack.
You reach to attack!
You hit the bat.
You kill the bat!
No target in view!
No target in view!
No target in view!
No target in view!
j - a scroll labelled WAAM KIUWNA You see here a bat corpse. 3 jackals come into view.
The jackal barks! x2
The jackal moves out of view. x2
A jackal is nearby!
You reach to attack!
You closely miss the jackal. You closely miss the jackal.
The jackal bites you but does no damage.
You block the jackal's attack. The jackal bites you.
The jackal bites you but does no damage.
You hit the jackal but do no damage. You block the jackal's attack.
The jackal bites you.
You closely miss the jackal. The jackal barely misses you.
You block the jackal's attack. The jackal barely misses you.
You barely miss the jackal. You block the jackal's attack.
The jackal bites you but does no damage.
The jackal completely misses you.
The jackal bites you but does no damage.
The jackal barely misses you.
The jackal bites you but does no damage.
You hit the jackal.
You kill the jackal!
The jackal barely misses you.
The jackal bites you but does no damage.
The jackal closely misses you.
You puncture the jackal!
You kill the jackal!
The jackal barely misses you.
You miss the jackal. The jackal bites you.
The jackal bites you but does no damage.
A jackal is nearby!
A jackal is nearby!
You puncture the jackal!
You kill the jackal!
No target in view!
No target in view!
No target in view!
No target in view!
No target in view!
No target in view!
No target in view!
You now have 71 gold pieces (gained 16).
An endoplasm comes into view.
The endoplasm quivers.
An endoplasm is nearby!
An endoplasm is nearby!
You reach to attack!
You hit the endoplasm.
The endoplasm is severely wounded.
You hit the endoplasm.
You kill the endoplasm!
Your Polearms skill increases to level 3!
No target in view!
No target in view!
No target in view!
No target in view!
No target in view!
No target in view!
A bat comes into view.
A bat is nearby!
You block the bat's attack.
You barely miss the bat. The bat closely misses you. The bat barely misses you.
You closely miss the bat. You block the bat's attack.
The bat hits you but does no damage.
You closely miss the bat. The bat hits you but does no damage. x3
You hit the bat.
You kill the bat!
No target in view!
No target in view!
No target in view!
No target in view!
g - 3 dark potions (gained 1)
Found a stone staircase leading down.
There is a stone staircase leading down here.
You now have 86 gold pieces (gained 15).
A bat and a kobold come into view.
The kobold shouts!
Found a scroll labelled XUN WETOZOROS and 7 gold pieces.
The bat barely misses you. The bat hits you but does no damage.
You hit the kobold.
You kill the kobold!
The bat hits you but does no damage. The bat hits you but does no damage.
You hit the bat.
You kill the bat!
No target in view!
No target in view!
No target in view!
No target in view!
No target in view!
No target in view!
No target in view!
No target in view!
You now have 93 gold pieces (gained 7).
k - a scroll labelled XUN WETOZOROS A rat comes into view.
Found 7 stones.
A rat is nearby!
You reach to attack!
You closely miss the rat. You hit the rat.
You kill the rat!
No target in view!
No target in view!
No target in view!
No target in view!
No target in view!
No target in view!
A rat comes into view.
A rat is nearby!
A rat is nearby!
You reach to attack!
You hit the rat but do no damage. You closely miss the rat.
The rat bites you but does no damage.
You hit the rat.
The rat is severely wounded.
The rat completely misses you.
You closely miss the rat.
The rat is severely wounded.
You block the rat's attack.
You barely miss the rat.
The rat is severely wounded.
The rat barely misses you. The rat bites you but does no damage.
You hit the rat.
The rat is severely wounded.
The rat bites you.
You hit the rat.
You kill the rat!
No target in view!
Found a stone staircase leading down.
You now have 97 gold pieces (gained 4).
Found 4 stones.
Found a flail.
No target in view!
No target in view!
No target in view!
No target in view!
No target in view!
Found a dagger.
A hobgoblin comes into view.
Found an embroidered scarf.
A hobgoblin is nearby!
A hobgoblin is nearby!
A hobgoblin is nearby!
You reach to attack!
You hit the hobgoblin but do no damage. You puncture the hobgoblin!
You kill the hobgoblin!
No target in view!
No target in view!
No target in view!
No target in view!
No target in view!
No target in view!
There is a shaft here.
A ball python comes into view.
The ball python hisses angrily.
A ball python is nearby!
You reach to attack!
You closely miss the ball python. You closely miss the ball python.
The ball python bites you but does no damage.
The ball python barely misses you.
You hit the ball python.
The ball python is severely wounded.
The ball python bites you but does no damage.
The ball python grabs you. The ball python constricts you.
You block the ball python's attack. The ball python constricts you.
You hit the ball python.
You kill the ball python!
No target in view!
No target in view!
No target in view!
No target in view!
l - a scarf of repulsion You start putting on your armour.
You continue putting on your scarf of repulsion. x4
You finish putting on your scarf of repulsion.
You are surrounded by a repulsion field.
You start removing your armour.
You continue taking off your scarf of repulsion. x4
You finish taking off your scarf of repulsion.
The haze of the repulsion field disappears.
You start putting on your armour.
You continue putting on your +1 cloak. x5
You finish putting on your +1 cloak.
An endoplasm comes into view.
The endoplasm quivers.
An endoplasm is nearby!
An endoplasm is nearby!
You reach to attack!
You puncture the endoplasm!
You kill the endoplasm!
You have reached level 3!
Your experience leads to an increase in your attributes!
Increase (S)trength, (I)ntelligence, or (D)exterity?
You feel clever. x2; Your demonic ancestry asserts itself...
Your brain expands.
You see here a +0 dagger.
A goblin comes into view. It is wielding a +0 dagger.
The goblin shouts!
A goblin is nearby!
A goblin is nearby!
A goblin is nearby!
You reach to attack!
You barely miss the goblin. The goblin closely misses you.
You miss the goblin. The goblin hits you with a +0 dagger.
You closely miss the goblin. The goblin hits you but does no damage.
You closely miss the goblin. The goblin hits you but does no damage.
You hit the goblin.
The goblin is severely wounded.
The goblin hits you but does no damage.
You hit the goblin.
You kill the goblin!
No target in view!
No target in view!
No target in view!
No target in view!
Your library has no spells.
Found an escape hatch in the floor.
A ball python comes into view.
A ball python is nearby!
A ball python is nearby!
You barely miss the ball python.
The ball python bites you but does no damage.
You block the ball python's attack.
You hit the ball python.
You kill the ball python!
No target in view!
No target in view!
No target in view!
No target in view!
No target in view!
You see here a ball python corpse.
m - a scroll labelled RUKIQA POPSIUV You see here a ball python corpse.
You see here a +0 dagger.
Partly explored, can't reach some items and places.
Partly explored, can't reach some items and places.
No target in view!
No target in view!
No target in view!
No target in view!
No target in view!
No target in view!
You hit the plant.
The plant begins to die.
The plant is lightly damaged.
You hit the plant.
The plant is lightly damaged.
You puncture the plant!
The plant is lightly damaged.
A nearby plant withers and dies.
k - 2 scrolls labelled XUN WETOZOROS (gained 1)
Found a faded altar of an unknown god.
Done exploring.
Done exploring.
Done exploring.
(D) Dungeon
Where to? (? - help)
You see here a +0 dagger.
You see here a +0 dagger.
There is a stone staircase leading down here.
You climb downwards.
The jackal barks!
You hear a bark!
There is a stone staircase leading up here.
There are monsters nearby!
There are monsters nearby!
There are monsters nearby!
A jackal comes into view.
You reach to attack!
You closely miss the jackal. You hit the jackal.
The jackal is moderately wounded.
The jackal barely misses you. The jackal closely misses you.
You barely miss the jackal.
The jackal is moderately wounded.
The jackal bites you but does no damage. x3
You block the jackal's attack.
You closely miss the jackal.
The jackal is moderately wounded.
The jackal bites you.
The jackal bites you but does no damage.
The jackal bites you. The jackal barely misses you.
You hit the jackal.
The jackal is severely wounded.
The jackal closely misses you. You block the jackal's attack.
You barely miss the jackal.
The jackal is severely wounded.
The jackal barely misses you. x2
The jackal bites you but does no damage. x2
The endoplasm freezes you.
You are frozen.
You closely miss the jackal.
The jackal is heavily wounded.
The jackal bites you but does no damage. x2
The endoplasm hits you but does no damage.
The jackal bites you but does no damage.
The jackal barely misses you.
You barely miss the jackal.
The jackal is heavily wounded.
The jackal bites you but does no damage.
The jackal closely misses you. The endoplasm barely misses you.
The jackal bites you but does no damage.
You miss the jackal.
The jackal is heavily wounded.
The jackal bites you.
The jackal bites you but does no damage.
The endoplasm freezes you.
You are frozen.
The jackal bites you.
You are too injured to fight recklessly!
You are too injured to fight recklessly!
You are too injured to fight recklessly!
You are too injured to fight recklessly!
You are too injured to fight recklessly!
You are too injured to fight recklessly!
You are too injured to fight recklessly!
You are too injured to fight recklessly!
You are too injured to fight recklessly!
You are too injured to fight recklessly!
You are too injured to fight recklessly!
The jackal attacks as you move away! The jackal barely misses you.
A jackal comes into view.
The endoplasm hits you but does no damage.
The jackal bites you but does no damage.
You barely miss the endoplasm. The endoplasm barely misses you.
The endoplasm freezes you.
You are frozen.
You barely miss the endoplasm. The endoplasm freezes you.
You are frozen.
You hit the endoplasm but do no damage.
The endoplasm hits you but does no damage.
You hit the endoplasm.
The endoplasm is moderately wounded.
The endoplasm freezes you.
You are frozen.
* * * LOW HITPOINT WARNING * * *
You barely miss the endoplasm.
The endoplasm is moderately wounded.
The endoplasm closely misses you.
You puncture the endoplasm!
You kill the endoplasm!
You barely miss the jackal.
The jackal is moderately wounded.
The jackal barely misses you.
You barely miss the jackal.
The jackal bites you but does no damage. x2
You hit the jackal.
You kill the jackal!
The jackal bites you but does no damage.
You hit the jackal.
You kill the jackal!
The jackal barely misses you.
You hit the jackal.
The jackal is heavily wounded.
The jackal bites you but does no damage.
You hit the jackal.
You kill the jackal!
You swing at nothing.
You swing at nothing.
You swing at nothing.
A rat comes into view.
A rat is nearby!
A rat is nearby!
A rat is nearby!
Found a dark potion.
You closely miss the rat. The rat barely misses you.
You puncture the rat!
You kill the rat!
No target in view!
No target in view!
No target in view!
No target in view!
No target in view!
HP restored.
A rat comes into view.
A rat is nearby!
A rat is nearby!
You barely miss the rat. The rat bites you but does no damage.
The rat barely misses you.
You hit the rat.
You kill the rat!
No target in view!
No target in view!
No target in view!
No target in view!
No target in view!
There is a shaft here.
g - 4 dark potions (gained 1)
Found a stone staircase leading up.
n - a scroll labelled USKUXE YQAANK
Found a spear.
A kobold comes into view. It is wielding a +0 whip.
The kobold shouts!
Found a scroll labelled SEPEIMI ORPHUL.
You reach to attack!
You hit the kobold.
The kobold is severely wounded.
You hit the kobold.
You kill the kobold!
No target in view!
No target in view!
No target in view!
No target in view!
Found a stone staircase leading down.
Things that are here:
a +0 whip; 3 stones You now have 99 gold pieces (gained 2).
o - a scroll labelled SEPEIMI ORPHUL A rat comes into view.
Found a stone staircase leading up.
A rat is nearby!
You reach to attack!
You puncture the rat!
You kill the rat!
No target in view!
No target in view!
No target in view!
No target in view!
No target in view!
No target in view!
No target in view!
You see here a rat corpse.
You now have 105 gold pieces (gained 6).
Found an escape hatch in the floor.
You pick up Maxwell's Memoranda and begin reading...
You add the spells Vhi's Electric Charge, Arcjolt and Maxwell's Capacitive Coupling to your library.
An endoplasm comes into view.
An endoplasm is nearby!
You reach to attack!
You hit the endoplasm but do no damage. The endoplasm freezes you.
You are frozen.
You hit the endoplasm but do no damage.
An adder comes into view.
The endoplasm freezes you.
You are frozen.
You hit the endoplasm but do no damage.
The endoplasm hits you but does no damage.
You hit the endoplasm.
The endoplasm is moderately wounded.
The endoplasm jiggles.
The endoplasm hits you but does no damage.
You puncture the endoplasm!
You kill the endoplasm!
You puncture the adder!
The adder is almost dead.
The adder barely misses you.
You barely miss the adder.
The adder is almost dead.
You block the adder's attack. The adder barely misses you.
Okay, then.
You miss the adder.
The adder is almost dead.
The adder barely misses you.
You closely miss the adder.
The adder is almost dead.
The adder bites you.
You are poisoned.
The adder poisons you! The adder bites you but does no damage.
You closely miss the adder.
The adder is almost dead.
You feel sick. The adder bites you but does no damage.
You completely miss the adder.
The adder is almost dead.
You feel sick. You block the adder's attack. x2
You miss the adder.
The adder is almost dead.
You feel sick. The adder barely misses you.
You closely miss the adder.
The adder is almost dead.
You feel sick.
You are no longer poisoned.
You block the adder's attack. The adder bites you.
You are poisoned.
The adder poisons you!
You miss the adder.
The adder is almost dead.
You feel sick. You block the adder's attack.
You barely miss the adder.
The adder is almost dead.
You feel sick. The adder bites you but does no damage.
You block the adder's attack.
You hit the adder.
You kill the adder!
You feel sick.
You feel sick.
You see here an adder corpse.
You start resting.
You feel sick. x2
You are no longer poisoned.
You start resting.
HP restored.
Okay, then.
Unknown command.
Unknown command.
Unknown command.
Unknown command.
p - 2 smoky amethyst potions
g - 5 dark potions (gained 1)
A rat comes into view.
A rat is nearby!
You reach to attack!
You closely miss the rat. You completely miss the rat. The rat bites you.
You puncture the rat!
You kill the rat!
No target in view!
No target in view!
You see here a rat corpse.
You now have 111 gold pieces (gained 6).
A goblin comes into view. It is wielding a +0 club.
The goblin shouts!
A goblin is nearby!
A goblin is nearby!
You reach to attack!
You closely miss the goblin. The goblin hits you but does no damage.
You miss the goblin.
A ball python comes into view.
The goblin hits you with a +0 club.
You closely miss the goblin.
The ball python hisses angrily.
You block the goblin's attack.
You hit the goblin.
The goblin is heavily wounded.
The goblin hits you but does no damage.
You hit the goblin.
You kill the goblin!
You see here a +0 club.
You puncture the ball python!
You kill the ball python!
No target in view!
You now have 122 gold pieces (gained 11).
A dart slug comes into view.
A dart slug is nearby!
You hit the dart slug but do no damage. You hit the dart slug.
The dart slug is heavily wounded.
The dart slug bites you.
You hit the dart slug.
The dart slug is almost dead.
The dart slug launches a dart at you.
The slug dart hits you but does no damage.
You hit the dart slug.
The dart slug is almost dead.
The dart slug bites you but does no damage.
You hit the dart slug but do no damage.
The dart slug is almost dead.
You puncture the dart slug!
You kill the dart slug!
No target in view!
Found an escape hatch in the ceiling.
A kobold comes into view. It is wielding a +0 club.
Found a purple potion.
The kobold shouts!
A kobold is nearby!
You closely miss the kobold. The kobold hits you with a +0 club.
You hit the kobold but do no damage. The kobold barely misses you.
You hit the kobold.
You kill the kobold!
No target in view!
No target in view!
No target in view!
No target in view!
Found a stone staircase leading down.
q - a purple potion
Found a chain mail.
A dart slug comes into view.
You reach to attack!
You barely miss the dart slug. The dart slug launches a dart at you.
The slug dart misses you.
You reach to attack!
You puncture the dart slug!
You kill the dart slug!
No target in view!
No target in view!
No target in view!
You see here a dart slug corpse.
You see here a dart slug corpse.
Found a stone staircase leading down.
There is a stone staircase leading down here.
There is a stone staircase leading down here.
A rat comes into view.
A rat is nearby!
A rat is nearby!
You reach to attack!
You hit the rat.
You kill the rat!
No target in view!
No target in view!
No target in view!
No target in view!
No target in view!
No target in view!
No target in view!
No target in view!
A rat comes into view.
A rat is nearby!
A rat is nearby!
You closely miss the rat. You block the rat's attack.
You hit the rat but do no damage. The rat bites you but does no damage.
You hit the rat.
You kill the rat!
No target in view!
No target in view!
No target in view!
No target in view!
m - 2 scrolls labelled RUKIQA POPSIUV (gained 1)
There is an escape hatch in the floor here.
There is a stone staircase leading up here.
j - 2 scrolls labelled WAAM KIUWNA (gained 1) Done exploring.
Done exploring.
Done exploring.
No target in view!
No target in view!
No target in view!
No target in view!
No target in view!
No target in view!
No target in view!
No target in view!
Done exploring.
Done exploring.
Done exploring.
(D) Dungeon
Where to? (Enter - D:2, ? - help)
There is a stone staircase leading down here.
You climb downwards.
Found a throwing net and a ring mail.
There is a stone staircase leading up here.
r - a throwing net You see here a +0 ring mail.
A goblin comes into view. It is wielding a +0 club.
A goblin is nearby!
The goblin shouts!
You reach to attack!
You closely miss the goblin. You puncture the goblin!
You kill the goblin!
No target in view!
No target in view!
No target in view!
Things that are here:
a +0 club; a goblin corpse You open the door.
There is an open door here.
Found a stone staircase leading up.
A bat comes into view.
A bat is nearby!
The bat barely misses you.
You closely miss the bat. You block the bat's attack.
You reach to attack!
You hit the bat.
The bat is severely wounded.
The bat hits you but does no damage.
You reach to attack!
You hit the bat.
You kill the bat!
No target in view!
No target in view!
No target in view!
No target in view!
An orc comes into view.
It is wielding a +1 flail of holy wrath.
The orc shouts!
The orc moves out of view.
An orc is nearby!
You reach to attack!
You closely miss the orc. You puncture the orc!
You kill the orc!
No target in view!
No target in view!
No target in view!
No target in view!
No target in view!
No target in view!
You see here a +1 flail of holy wrath.
Found a spear.
Found a stone staircase leading up.
A frilled lizard comes into view.
The frilled lizard hisses angrily.
You reach to attack!
You closely miss the frilled lizard. You miss the frilled lizard.
The frilled lizard barely misses you. x2
You hit the frilled lizard.
You kill the frilled lizard!
No target in view!
No target in view!
No target in view!
No target in view!
No target in view!
You now have 130 gold pieces (gained 8).
Found a basalt altar of Yredelemnul.
Found a scale mail.
s - an amulet of regeneration No target in view!
You start putting on your amulet.
You continue putting on your amulet of regeneration. x5
You finish putting on your amulet of regeneration.
The amulet throbs as it attunes itself to your uninjured body.
s - an amulet of regeneration (around neck)
The orc shouts!
An orc comes into view. It is wielding a +0 club.
The orc shouts!
You see here a +0 scale mail.
An orc is nearby!
An orc is nearby!
Found a scroll labelled SEPEIMI ORPHUL and a sling.
Found a transporter.
The frilled lizard hisses angrily.
You closely miss the orc. The orc closely misses you.
You puncture the orc!
You kill the orc!
Your Polearms skill increases to level 4!
You have reached level 4!
You feel stronger.
Your demonic ancestry asserts itself...
You feel energised by your suffering.
An endoplasm comes into view.
Things that are here:
a +0 club; 5 stones; 5 gold pieces An endoplasm is nearby!
An endoplasm is nearby!
An endoplasm is nearby!
The endoplasm quivers.
You puncture the endoplasm!
You kill the endoplasm!
You now have 135 gold pieces (gained 5).
Things that are here:
a +0 club; 5 stones A ball python comes into view.
The ball python hisses angrily.
You puncture the ball python!
You kill the ball python!
No target in view!
No target in view!
No target in view!
Found a transporter.
Key pressed, stopping explore.
No target in view!
No target in view!
No target in view!
No target in view!
No target in view!
No target in view!
No target in view!
t - a wand of flame (23)
The iguana hisses angrily.
The frilled lizard hisses angrily.
Key pressed, stopping explore.
Failed to move towards target.
Failed to move towards target.
A goblin and a ball python come into view.
The goblin shouts!
The ball python hisses angrily.
You hear a bark!
A hound comes into view.
The ball python moves out of view.
There are monsters nearby!
The ball python bites you. You block the ball python's attack.
You hit the ball python.
The ball python is severely wounded.
The ball python barely misses you. The ball python closely misses you.
You hit the ball python.
You kill the ball python!
The hound bites you. The hound bites you but does no damage.
The goblin hits you but does no damage.
You miss the hound. The hound bites you but does no damage.
The hound bites you. The goblin barely misses you.
You puncture the hound!
The hound is heavily wounded.
The hound barely misses you. The goblin hits you with a +0 dagger.
The hound closely misses you.
You closely miss the hound.
The hound is heavily wounded.
The hound bites you but does no damage. The goblin hits you with a +0 dagger.
You barely miss the hound.
The hound is heavily wounded.
The hound bites you but does no damage. The goblin hits you with a +0 dagger.
The hound bites you.
You hit the hound.
The hound is almost dead.
The hound bites you but does no damage. You block the goblin's attack.
The hound bites you.
You closely miss the hound.
The hound is almost dead.
The goblin hits you but does no damage. You block the hound's attack.
You barely miss the hound.
The hound is almost dead.
The hound closely misses you. The goblin closely misses you.
The hound bites you but does no damage. The goblin hits you but does no damage.
You barely miss the hound.
The hound is almost dead.
The hound bites you but does no damage. x2; The goblin barely misses you.
You barely miss the hound.
The hound is almost dead.
The hound bites you but does no damage. You block the goblin's attack.
The hound bites you but does no damage.
You hit the hound but do no damage.
The hound is almost dead.
The hound barely misses you. The goblin misses you.
You barely miss the hound.
The hound is almost dead.
The hound bites you. The goblin barely misses you.
The hound bites you but does no damage.
You barely miss the hound.
The hound is almost dead.
The hound bites you but does no damage. The goblin barely misses you.
The hound bites you but does no damage.
You barely miss the hound.
The hound is almost dead.
The hound bites you. You block the goblin's attack.
The hound barely misses you.
You hit the hound.
You kill the hound!
You block the goblin's attack. x2
You closely miss the goblin. The goblin hits you but does no damage.
You barely miss the goblin. The goblin hits you with a +0 dagger.
You hit the goblin.
You kill the goblin!
Things that are here:
a +0 dagger; a goblin corpse You start resting.
HP restored.
A dart slug comes into view.
A dart slug is nearby!
A dart slug is nearby!
Found a wand of flame (3).
The dart slug launches a dart at you. The slug dart hits you.
You reach to attack!
You hit the dart slug.
The dart slug is severely wounded.
You puncture the dart slug!
You kill the dart slug!
No target in view!
No target in view!
No target in view!
No target in view!
Found a stone staircase leading down.
t - a wand of flame (26) (gained 3 charges)
Found a ring mail.
Found a stone staircase leading down.
No target in view!
No target in view!
No target in view!
No target in view!
No target in view!
No target in view!
No target in view!
No target in view!
As you open the door, it creaks loudly!
An orc and a ball python come into view.
The orc shouts!
The ball python hisses angrily.
Found 9 gold pieces.
There are monsters nearby!
There are monsters nearby!
There is an open door here.
You puncture the orc!
You kill the orc!
The ball python barely misses you. The ball python grabs you.
The ball python constricts you.
You puncture the ball python!
You kill the ball python!
No target in view!
No target in view!
No target in view!
No target in view!
No target in view!
No target in view!
No target in view!
No target in view!
No target in view!
No target in view!
No target in view!
No target in view!
No target in view!
You see here a ball python corpse.
You now have 144 gold pieces (gained 9).
You open the door.
An adder comes into view.
The adder hisses angrily.
There is an open door here.
An adder is nearby!
An adder is nearby!
An adder is nearby!
You puncture the adder!
The adder is severely wounded.
The adder bites you.
You are poisoned.
The adder poisons you! The adder barely misses you.
You hit the adder.
The adder is almost dead.
You feel sick. The adder bites you but does no damage.
You miss the adder.
The adder is almost dead.
You feel sick. You block the adder's attack. The adder bites you.
You are more poisoned.
The adder poisons you!
You barely miss the adder.
The adder is almost dead.
You feel very sick. The adder bites you but does no damage.
You hit the adder.
You kill the adder!
You feel sick.
No target in view!
No target in view!
No target in view!
No target in view!
No target in view!
No target in view!
You feel sick.
You feel sick.
You feel sick.
You feel sick.
You feel sick.
You are no longer poisoned.
A gnoll comes into view. It is wielding a +0 flail.
A gnoll is nearby!
A gnoll is nearby!
The gnoll shouts!
You hear a shout! x2
A gnoll comes into view. It is wielding a +0 club.
The gnoll shouts!
You closely miss the gnoll. You completely miss the gnoll.
The gnoll drinks a potion.
The gnoll goes berserk!
The gnoll hits you but does no damage.
You puncture the gnoll!
The gnoll is heavily wounded.
The gnoll hits you with a +0 flail!
A gnoll comes into view.
It is wielding a +0 flail and quivering poisoned darts.
The gnoll hits you but does no damage. The gnoll hits you with a +0 flail!
* * * LOW HITPOINT WARNING * * *
You are too injured to fight recklessly!
You are too injured to fight recklessly!
You are too injured to fight recklessly!
You are too injured to fight recklessly!
You are too injured to fight recklessly!
You are too injured to fight recklessly!
You are too injured to fight recklessly!
You are too injured to fight recklessly!
You hit the gnoll but do no damage.
The gnoll is heavily wounded.
The gnoll barely misses you. x2; The gnoll hits you with a +0 flail!
* * * LOW HITPOINT WARNING * * *
A gnoll comes into view. It is wielding a +0 spear.
You block the gnoll's attack.
You barely miss the gnoll.
The gnoll is heavily wounded.
The gnoll shouts!
The gnoll hits you with a +0 flail!
* * * LOW HITPOINT WARNING * * *
You hit the gnoll but do no damage.
The gnoll is heavily wounded.
The gnoll hits you but does no damage. The gnoll barely misses you.
The gnoll hits you but does no damage.
You barely miss the gnoll.
The gnoll is heavily wounded.
The gnoll hits you with a +0 flail!
You die...

#######.# #.# ####
##'## ..# ##.†)##
#.# ##.....## ##.##
##.......#
##...####.........#
#.......'.........+.
##g@g####.........##
##g## ##.......##
#g# ##.....## #.#
##...## #.. #+## ###


You could see 4 gnolls.

Vanquished Creatures
  A hound (D:3)
  2 adders
  4 dart slugs
  3 orcs (D:3)
  5 endoplasms
  A giant cockroach (D:1)
  6 goblins
  2 hobgoblins (D:1)
  6 jackals
  3 kobolds
  A quokka (D:1)
  8 ball pythons
  6 bats
  3 frilled lizards
  8 rats
59 creatures vanquished.

Vanquished Creatures (others)
  A plant (D:1)
1 creature vanquished.

Grand Total: 60 creatures vanquished

Notes
Turn   | Place    | Note
-------+----------+-------------------------------------------
     0 | D:1      | sleeves the Demonspawn Fighter began the quest for the Orb.
     0 | D:1      | Reached XP level 1. HP: 18/18 MP: 1/1
    30 | D:1      | Reached skill level 2 in Polearms
   184 | D:1      | Gained mutation: You have an unusually large brain. (Int
                  | +2) [demonic ancestry]
   184 | D:1      | Reached XP level 2. HP: 24/24 MP: 2/2
   386 | D:1      | Reached skill level 3 in Polearms
   577 | D:1      | Gained mutation: You have an extremely huge brain. (Int +4)
                  | [demonic ancestry]
   577 | D:1      | Reached XP level 3. HP: 29/29 MP: 3/3
   753 | D:1      | Found a faded altar of an unknown god.
   827 | D:2      | HP: 11/29 [frozen (5)]
  1700 | D:3      | Found a basalt altar of Yredelemnul.
  1712 | D:3      | Found a transporter.
  1716 | D:3      | Reached skill level 4 in Polearms
  1716 | D:3      | Gained mutation: You sometimes gain a little power by
                  | taking damage. [demonic ancestry]
  1716 | D:3      | Reached XP level 4. HP: 35/35 MP: 4/4
  1760 | D:3      | Found a transporter.
  1969 | D:3      | HP: 16/35 [gnoll/+0 flail (11)]
  1971 | D:3      | HP: 1/35 [gnoll/+0 flail (9)]
  1973 | D:3      | Mangled by a gnoll

Illustrated notes

Levels and vault maps discovered:
D:1:      dpeg_arrival_central, layout_rooms, shapermc_ecumenical_altar_petra,
          hangedman_decor_slide_cut
D:2:      layout_loops_ring
D:3:      layout_loops_corners, gammafunk_temple_overflow_arena

Skill      XL: |  1  2  3 |
---------------+----------+-----
Polearms       | 2 3 4 |  4.5
Fighting       | |  3.0
Armour         | |  2.6
Shields        | |  2.6

Action                   |  1- 3 |  4- 6 || total
-------------------------+-------+-------++-------
Melee: Trident           |   182 |    37 ||   219
Armor: Scale mail        |   104 |    23 ||   127
Dodge: Dodged            |    59 |    18 ||    77
Block: Buckler           |    31 |     9 ||    40

Table legend: (Time is in decaauts)
 A = Elapsed time spent in this place.
 B = Non-inter-level travel time spent in this place.
 C = Inter-level travel time spent in this place.
 D = Time resting spent in this place.
 E = Time spent auto-exploring this place.
 F = Levels seen in this place.
 G = Mean time per level.
                   A        B        C        D        E       F      G
               +--------+--------+--------+--------+--------+-----+--------+
         Total |   2012 |   1937 |     75 |     63 |   1410 |   3 |  670.7 |
       Dungeon |   2012 |   1937 |     75 |     63 |   1410 |   3 |  670.7 |
               +--------+--------+--------+--------+--------+-----+--------+

Top non-repeatable levels by time:
     D:1: 831 daAuts
     D:2: 744 daAuts
     D:3: 436 daAuts
